PAAA
BAKERSFIELD NOBLES @ CALGARY LYNX
08/11/2024
 
TOP OF THE 1ST
Bakersfield Nobles batting - Pitching for Calgary Lynx : LHP Curtis Fields
Pitching: LHP Curtis Fields
Batting: RHB Miguel Márquez 0-0: Ball
1-0: Ball
2-0: Ball
3-0: Base on Balls
Batting: RHB Mario Blanco 0-0: Ball
1-0: Called Strike
Miguel Márquez steals 2nd base
1-1: Ball
2-1: Called Strike
2-2: Foul Ball, location: 2F
2-2: Strikes out swinging
Batting: RHB Arlen Joysey 0-0: Fly out, F9 (Flyball, 89M)
Batting: RHB Seon-keun Kim 0-0: Fly out, F7 (Flyball, 78M)
Top of the 1st over - 0 run(s), 0 hit(s), 0 error(s), 1 left on base; Bakersfield 0 - Calgary 0
BOTTOM OF THE 1ST
Calgary Lynx batting - Pitching for Bakersfield Nobles : RHP Elvin Brooks
Pitching: RHP Elvin Brooks
Batting: RHB Álex Estrada 0-0: Foul Ball, location: 2F
0-1: Swinging Strike
0-2: Ball
1-2: Ball
2-2: Foul Ball, location: 2F
2-2: Fly out, F1 (Popup, 23)
Batting: LHB Sébastien Rolland 0-0: Called Strike
0-1: Called Strike
0-2: Strikes out looking
Batting: RHB Jesús Martínez 0-0: Called Strike
0-1: SINGLE (Groundball, 6M)
Batting: RHB David Ramírez 0-0: Ball
1-0: Ball
2-0: Ball
3-0: Base on Balls
Jesús Martínez to second
Batting: LHB Luis Rodríguez 0-0: Ball
1-0: Ball
2-0: Foul Ball, location: 2F
2-1: Ball
3-1: Foul Ball, location: 2F
3-2: Ground out 4-3 (Groundball, 4M)
Bottom of the 1st over - 0 run(s), 1 hit(s), 0 error(s), 2 left on base; Bakersfield 0 - Calgary 0
TOP OF THE 2ND
Bakersfield Nobles batting - Pitching for Calgary Lynx : LHP Curtis Fields
Batting: LHB Jorge Pérez 0-0: SINGLE (Flyball, 7S)
Batting: RHB Lloyd Alberink 0-0: Ball
1-0: Called Strike
1-1: Grounds into double play, 5-4-3 (Groundball, 5)
Batting: SHB Stephen Dowell 0-0: Ball
1-0: Foul Ball, location: 2F
1-1: SOLO HOME RUN (Line Drive, 78XD), Distance : 430 ft
Batting: LHB Alberto Enríquez 0-0: Foul Ball, location: 2F
0-1: Ball
1-1: Fly out, F6 (Popup, 56D)
Top of the 2nd over - 1 run(s), 2 hit(s), 0 error(s), 0 left on base; Bakersfield 1 - Calgary 0
BOTTOM OF THE 2ND
Calgary Lynx batting - Pitching for Bakersfield Nobles : RHP Elvin Brooks
Batting: RHB Hieu De 0-0: Called Strike
0-1: SINGLE (Flyball, 78M)
Batting: RHB José Carlos Ramos 0-0: Grounds into double play, 6-4-3 (Groundball, 6)
Batting: RHB Dusty Childress 0-0: Called Strike
0-1: Ball
1-1: Foul Ball, location: 2F
1-2: Strikes out looking
Bottom of the 2nd over - 0 run(s), 1 hit(s), 0 error(s), 0 left on base; Bakersfield 1 - Calgary 0
TOP OF THE 3RD
Bakersfield Nobles batting - Pitching for Calgary Lynx : LHP Curtis Fields
Batting: RHB Luis Antonio Hernández 0-0: Called Strike
0-1: Swinging Strike
0-2: Ground out 6-3 (Groundball, 6)
Batting: RHB Miguel Márquez 0-0: Ground out 1-3 (Groundball, 15)
Batting: RHB Mario Blanco 0-0: Called Strike
0-1: Foul Ball, location: 2F
0-2: Ball
1-2: Foul Ball, location: 2F
1-2: Ball
2-2: Foul Ball, location: 2F
2-2: Ball
3-2: Base on Balls
Batting: RHB Arlen Joysey 0-0: Foul Ball, location: 2F
0-1: Swinging Strike
0-2: Fly out, F8 (Flyball, 89S)
Top of the 3rd over - 0 run(s), 0 hit(s), 0 error(s), 1 left on base; Bakersfield 1 - Calgary 0
BOTTOM OF THE 3RD
Calgary Lynx batting - Pitching for Bakersfield Nobles : RHP Elvin Brooks
Batting: RHB Chris Woodruff 0-0: Called Strike
0-1: Ball
1-1: Ball
2-1: Called Strike
2-2: Strikes out swinging
Batting: RHB Álex Estrada 0-0: Fly out, F4 (Popup, 4D)
Batting: LHB Sébastien Rolland 0-0: Called Strike
0-1: Ball
1-1: Called Strike
1-2: Foul Ball, location: 2F
1-2: Foul Ball, location: 2F
1-2: Foul Ball, location: 2F
1-2: Foul Ball, location: 2F
1-2: Foul Ball, location: 2F
1-2: Foul Ball, location: 2F
1-2: Foul Ball, location: 2F
1-2: Ball
2-2: Foul Ball, location: 2F
2-2: Foul Ball, location: 2F
2-2: Foul Ball, location: 2F
2-2: Ball
3-2: Foul Ball, location: 2F
3-2: DOUBLE (Line Drive, 9LS)
Batting: RHB Jesús Martínez 0-0: Called Strike
0-1: Swinging Strike
0-2: Ball
1-2: DOUBLE (Line Drive, 7D)
Sébastien Rolland scores
Batting: RHB David Ramírez 0-0: Ball
1-0: Called Strike
1-1: Ground out 5-3 (Groundball, 5)
Bottom of the 3rd over - 1 run(s), 2 hit(s), 0 error(s), 1 left on base; Bakersfield 1 - Calgary 1
TOP OF THE 4TH
Bakersfield Nobles batting - Pitching for Calgary Lynx : LHP Curtis Fields
Batting: RHB Seon-keun Kim 0-0: Ball
1-0: Foul Ball, location: 2F
1-1: Foul Ball, location: 2F
1-2: SINGLE (Groundball, 56D)
Batting: LHB Jorge Pérez 0-0: Ball
1-0: Swinging Strike
1-1: Fly out, F9 (Line Drive, 9D)
Batting: RHB Lloyd Alberink 0-0: Called Strike
0-1: Ground out 3-1 (Groundball, 34)
Seon-keun Kim to second
Batting: SHB Stephen Dowell 0-0: Foul Ball, location: 2F
0-1: Ball
1-1: Ball
2-1: Swinging Strike
2-2: Foul Ball, location: 2F
2-2: Ball
3-2: Foul Ball, location: 2F
3-2: Foul Ball, location: 2F
3-2: Base on Balls
Batting: LHB Alberto Enríquez 0-0: 3-RUN HOME RUN (Flyball, 9D), Distance : 349 ft
Batting: RHB Luis Antonio Hernández 0-0: Fly out, F3 (Popup, 3S)
Top of the 4th over - 3 run(s), 2 hit(s), 0 error(s), 0 left on base; Bakersfield 4 - Calgary 1
BOTTOM OF THE 4TH
Calgary Lynx batting - Pitching for Bakersfield Nobles : RHP Elvin Brooks
Batting: LHB Luis Rodríguez 0-0: Ball
1-0: Called Strike
1-1: Ball
2-1: Fly out, F7 (Flyball, 7LM)
Pitching: RHP Fernando González
Batting: RHB Hieu De 0-0: Ball
1-0: Foul Ball, location: 2F
1-1: Fly out, F3 (Popup, 3F)
Batting: RHB José Carlos Ramos 0-0: Fly out, F7 (Flyball, 78S)
Bottom of the 4th over - 0 run(s), 0 hit(s), 0 error(s), 0 left on base; Bakersfield 4 - Calgary 1
TOP OF THE 5TH
Bakersfield Nobles batting - Pitching for Calgary Lynx : LHP Curtis Fields
Batting: RHB Miguel Márquez 0-0: Swinging Strike
0-1: Ball
1-1: Foul Ball, location: 2F
1-2: Ball
2-2: Ground out 6-3 (Groundball, 6)
Batting: RHB Mario Blanco 0-0: Called Strike
0-1: Ball
1-1: Foul Ball, location: 2F
1-2: Ball
2-2: Foul Ball, location: 2F
2-2: Fly out, F5 (Popup, 2L)
Batting: RHB Arlen Joysey 0-0: Called Strike
0-1: Called Strike
0-2: Foul Ball, location: 2F
0-2: Ball
1-2: Strikes out swinging
Top of the 5th over - 0 run(s), 0 hit(s), 0 error(s), 0 left on base; Bakersfield 4 - Calgary 1
BOTTOM OF THE 5TH
Calgary Lynx batting - Pitching for Bakersfield Nobles : RHP Fernando González
Batting: RHB Dusty Childress 0-0: Swinging Strike
0-1: Ground out 4-3 (Groundball, 4)
Batting: RHB Chris Woodruff 0-0: Called Strike
0-1: Ball
1-1: Ball
2-1: Foul Ball, location: 2F
2-2: Foul Ball, location: 2F
2-2: Ball
3-2: Ground out 6-3 (Groundball, 6M)
Batting: RHB Álex Estrada 0-0: Ball
1-0: Ball
2-0: Ball
3-0: Base on Balls
Batting: LHB Sébastien Rolland 0-0: Ball
Wild Pitch!
Álex Estrada to second
1-0: DOUBLE (Line Drive, 89S)
Álex Estrada scores
Batting: RHB Jesús Martínez 0-0: Ball
1-0: Ball
2-0: Called Strike
2-1: Ball
Wild Pitch!
Sébastien Rolland to third
3-1: Base on Balls
Batting: RHB David Ramírez 0-0: Called Strike
0-1: Ball
1-1: Ball
2-1: Fly out, F3 (Popup, 34S)
Bottom of the 5th over - 1 run(s), 1 hit(s), 0 error(s), 2 left on base; Bakersfield 4 - Calgary 2
TOP OF THE 6TH
Bakersfield Nobles batting - Pitching for Calgary Lynx : LHP Curtis Fields
Batting: RHB Seon-keun Kim 0-0: Foul Ball, location: 2F
0-1: Foul Ball, location: 2F
0-2: Foul Ball, location: 2F
0-2: Ball
1-2: Strikes out swinging
Batting: LHB Jorge Pérez 0-0: Foul Ball, location: 2F
0-1: Ground out 4-3 (Groundball, 4)
Batting: RHB Lloyd Alberink 0-0: SINGLE (Line Drive, 4MD)
Pitching: LHP Chang-soo Kim
Batting: SHB Stephen Dowell 0-0: Fielders Choice at 2nd, 6-4 (Groundball, 6)
Top of the 6th over - 0 run(s), 1 hit(s), 0 error(s), 0 left on base; Bakersfield 4 - Calgary 2
BOTTOM OF THE 6TH
Calgary Lynx batting - Pitching for Bakersfield Nobles : RHP Fernando González
Batting: LHB Luis Rodríguez 0-0: Ball
1-0: Ball
2-0: Called Strike
2-1: Ground out 4-3 (Groundball, 4)
Batting: RHB Hieu De 0-0: Ball
1-0: Ball
2-0: Called Strike
2-1: Called Strike
2-2: Foul Ball, location: 2F
2-2: Ball
3-2: Fly out, F3 (Popup, 3F)
Batting: RHB José Carlos Ramos 0-0: Called Strike
0-1: Ball
1-1: Foul Ball, location: 2F
1-2: Ground out 5-3 (Groundball, 5)
Bottom of the 6th over - 0 run(s), 0 hit(s), 0 error(s), 0 left on base; Bakersfield 4 - Calgary 2
TOP OF THE 7TH
Bakersfield Nobles batting - Pitching for Calgary Lynx : LHP Chang-soo Kim
Batting: LHB Alberto Enríquez 0-0: Called Strike
0-1: Swinging Strike
0-2: Ball
1-2: Foul Ball, location: 2F
1-2: Ball
2-2: Strikes out swinging
Batting: RHB Luis Antonio Hernández 0-0: Called Strike
0-1: Swinging Strike
0-2: Ball
1-2: Ball
2-2: Ball
3-2: Base on Balls
Batting: RHB Miguel Márquez 0-0: Called Strike
0-1: Ball
1-1: Ball
2-1: Called Strike
2-2: SINGLE (Line Drive, 89S)
Luis Antonio Hernández to second
Pinch Hitting: SHB Ray Davis 0-0: Ball
1-0: Foul Ball, location: 2F
1-1: Fly out, F7 (Flyball, 78S)
Batting: RHB Arlen Joysey 0-0: Ball
1-0: Foul Ball, location: 2F
1-1: Called Strike
1-2: 3-RUN HOME RUN (Line Drive, 78XD), Distance : 428 ft
Pitching: RHP Jorge Rivas
Batting: RHB Seon-keun Kim 0-0: Ball
1-0: Called Strike
1-1: Fly out, F8 (Flyball, 78S)
Top of the 7th over - 3 run(s), 2 hit(s), 0 error(s), 0 left on base; Bakersfield 7 - Calgary 2
BOTTOM OF THE 7TH
Calgary Lynx batting - Pitching for Bakersfield Nobles : RHP Fernando González
Now at 2B: Jim Unknown
Batting: RHB Dusty Childress 0-0: Called Strike
0-1: Ball
1-1: Ball
2-1: Called Strike
2-2: SINGLE (Line Drive, 4MD)
Batting: RHB Chris Woodruff 0-0: Called Strike
0-1: Ball
1-1: Ball
2-1: Ball
3-1: Base on Balls
Dusty Childress to second
Batting: RHB Álex Estrada 0-0: Fly out, F7 (Flyball, 78M)
Batting: LHB Sébastien Rolland 0-0: Ball
Dusty Childress is caught stealing 3rd base
Chris Woodruff to second
1-0: Foul Ball, location: 2F
1-1: Ball
2-1: Ball
Wild Pitch!
Chris Woodruff to third
3-1: Base on Balls
Batting: RHB Jesús Martínez 0-0: Called Strike
0-1: Ball
1-1: Foul Ball, location: 2F
1-2: Foul Ball, location: 2F
1-2: Ball
Wild Pitch!
Chris Woodruff scores
Sébastien Rolland to second
2-2: Fly out, F7 (Flyball, 7D)
Bottom of the 7th over - 1 run(s), 1 hit(s), 0 error(s), 1 left on base; Bakersfield 7 - Calgary 3
TOP OF THE 8TH
Bakersfield Nobles batting - Pitching for Calgary Lynx : RHP Jorge Rivas
Batting: LHB Jorge Pérez 0-0: Called Strike
0-1: Called Strike
0-2: Foul Ball, location: 2F
0-2: Ball
1-2: Strikes out swinging
Batting: RHB Lloyd Alberink 0-0: Fly out, F4 (Popup, 34D)
Batting: SHB Stephen Dowell 0-0: Called Strike
0-1: Ball
1-1: Ball
2-1: Foul Ball, location: 2F
2-2: Ball
3-2: SINGLE (Groundball, 15) (infield hit)
Batting: LHB Alberto Enríquez 0-0: Ball
1-0: Called Strike
1-1: Ball
2-1: Ball
3-1: SINGLE (Line Drive, 6MD)
Stephen Dowell to second
Batting: RHB Luis Antonio Hernández 0-0: Fly out, F8 (Flyball, 78M)
Top of the 8th over - 0 run(s), 2 hit(s), 0 error(s), 2 left on base; Bakersfield 7 - Calgary 3
BOTTOM OF THE 8TH
Calgary Lynx batting - Pitching for Bakersfield Nobles : RHP Fernando González
Pitching: RHP Jesús López
Batting: RHB David Ramírez 0-0: Ball
1-0: Ball
2-0: Ball
3-0: Called Strike
3-1: Base on Balls
Batting: LHB Luis Rodríguez 0-0: Swinging Strike
0-1: Ball
1-1: SINGLE (Flyball, 9S)
David Ramírez to second
Runner from 2nd tries for 3rd, SAFE, throw made to third
Pitching: RHP Pancho Padilla
Batting: RHB Hieu De 0-0: Grounds into double play, 4-6-3 (Groundball, 4)
David Ramírez scores
Batting: RHB José Carlos Ramos 0-0: Called Strike
0-1: SINGLE (Line Drive, 6D)
Batting: RHB Dusty Childress 0-0: Ball
1-0: Fielders Choice at 2nd, U6 (Groundball, 6M)
Bottom of the 8th over - 1 run(s), 2 hit(s), 0 error(s), 1 left on base; Bakersfield 7 - Calgary 4
TOP OF THE 9TH
Bakersfield Nobles batting - Pitching for Calgary Lynx : RHP Jorge Rivas
Batting: RHB Miguel Márquez 0-0: Ball
1-0: Ball
2-0: Called Strike
2-1: Ball
3-1: Base on Balls
Batting: RHB Jim Unknown 0-0: Sac Bunt - play at first, batter OUT! 1-3
Miguel Márquez to second
Batting: RHB Arlen Joysey 0-0: Called Strike
Miguel Márquez steals 3rd base
0-1: Ball
1-1: SINGLE (Groundball, 5)
Miguel Márquez scores
Batting: RHB Seon-keun Kim 0-0: Called Strike
0-1: Ball
1-1: Swinging Strike
1-2: Foul Ball, location: 2F
1-2: Ball
2-2: Strikes out looking
Batting: LHB Jorge Pérez 0-0: Foul Ball, location: 2F
0-1: Ball
1-1: Swinging Strike
1-2: DOUBLE (Line Drive, 8LM)
Arlen Joysey to third
Batting: RHB Lloyd Alberink 0-0: Ball
1-0: Ball
2-0: SINGLE (Groundball, 56D)
Arlen Joysey scores
Jorge Pérez to third
Runner from 3rd tries for Home, SAFE, no throw or cutoff
Pitching: RHP Millard Kessler
Batting: SHB Stephen Dowell 0-0: Ball
Lloyd Alberink is caught stealing 2nd base
Top of the 9th over - 3 run(s), 3 hit(s), 0 error(s), 0 left on base; Bakersfield 10 - Calgary 4
BOTTOM OF THE 9TH
Calgary Lynx batting - Pitching for Bakersfield Nobles : RHP Pancho Padilla
Batting: RHB Chris Woodruff 0-0: Ball
1-0: Ball
2-0: Ground out 3-1 (Groundball, 34)
Batting: RHB Álex Estrada 0-0: Ball
1-0: Ground out 4-3 (Groundball, 34)
Batting: LHB Sébastien Rolland 0-0: Called Strike
0-1: Ground out 5-3 (Groundball, 56S)
Bottom of the 9th over - 0 run(s), 0 hit(s), 0 error(s), 0 left on base; Bakersfield 10 - Calgary 4
This league is powered by Out of the Park Baseball, the baseball management simulation game for PC, Mac and Linux
Monday, October 3rd, 2016 - OOTP Baseball 16.9 Build 39